 Dungeon Sprint DCSS version 0.21-a0-221-gfe971b9 (webtiles) character file.

197 Kidiri the Thaumaturge (level 5, -2/42 HPs)
             Began as a Deep Elf Fire Elementalist on Aug 24, 2017.
             Was an Elder of Vehumet.
             Slain by a red devil
             ... wielding a +2 demon trident of electrocution
              (5 damage)
             ... in the Dungeon (Sprint VII: "The Pits").
             The game lasted 00:03:56 (663 turns).

Kidiri the Thaumaturge (Deep Elf Fire Elementalist)  Turns: 663, Time: 00:03:57

Health: -2/42      AC:  2    Str: 10    XL:     5   Next: 46%
Magic:  20/20      EV: 13    Int: 21    God:    Vehumet [****..]
Gold:   0          SH:  0    Dex: 15    Spells: 6/25 levels left

rFire    . . .     SeeInvis .   k - +2 dagger (elec)
rCold    . . .     Gourm    .   (no shield)
rNeg     . . .     Faith    .   a - +0 robe
rPois    .         Spirit   .   (no helmet)
rElec    .         Reflect  .   (no cloak)
rCorr    .         Harm     .   (no gloves)
MR       .....     NoTele   +   (no boots)
Stlth    ..........             (no amulet)
HPRegen  0.14/turn              (no ring)
MPRegen  0.17/turn              (no ring)

@: berserking, very slightly contaminated, invisible, very quick
A: no striking features
a: Renounce Religion


You were in the Dungeon.
You worshipped Vehumet.
Vehumet was greatly pleased with you.
You were not hungry.

You visited 1 branch

Inventory:

Hand Weapons
 k - a +2 dagger of electrocution (weapon)
Armour
 a - a +0 robe (worn)
Scrolls
 i - a scroll of blinking
 m - 3 scrolls of remove curse
 n - 5 scrolls of amnesia
 o - a scroll of summoning
Potions
 d - 5 potions of curing
 e - 6 potions of heal wounds
 f - a potion of haste
 g - 4 potions of magic
 h - 2 potions of berserk rage
 l - a potion of invisibility
Books
 b - a book of Flames

   Spells                             Type                      Level
   a - Flame Tongue                   Conjuration/Fire             1
   b - Throw Flame                    Conjuration/Fire             2
   c - Conjure Flame                  Conjuration/Fire             3
   d - Inner Flame                    Hexes/Fire                   3
   e - Sticky Flame                   Conjuration/Fire             4
   f - Fireball                       Conjuration/Fire             5
Comestibles
 c - 8 bread rations
 j - 6 chunks of flesh
 p - 40 fruits
 q - 7 meat rations


   Skills:
 + Level 0.5 Fighting
 + Level 0.6 Short Blades
 + Level 1.1 Armour
 + Level 2.6 Dodging
 - Level 2.4 Stealth
 * Level 10.6 Spellcasting
 + Level 6.0 Conjurations
 + Level 6.8 Fire Magic
 + Level 0.2 Earth Magic


You had 6 spell levels left.
You knew the following spells:

 Your Spells              Type           Power        Failure   Level  Hunger
a - Flame Tongue          Conj/Fire      #####        1%          1    None
b - Throw Flame           Conj/Fire      #####.       1%          2    None
c - Conjure Flame         Conj/Fire      #####...     1%          3    None
d - Inner Flame           Hex/Fire       ####....     1%          3    None
e - Sticky Flame          Conj/Fire      #####...     1%          4    ##.....
f - Fireball              Conj/Fire      #####.....   3%          5    ####...
g - Sandblast             Erth           ##....       1%          1    None


Dungeon Overview and Level Annotations

Branches:
Dungeon (1/1)

Altars:
Ashenzari
Cheibriados
Dithmenos
Elyvilon
Fedhas
Gozag
Hepliaklqana
Kikubaaqudgha
Makhleb
Nemelex Xobeh
Okawaru
Qazlal
Ru
Sif Muna
Trog
Uskayaw
Vehumet
Wu Jian
Xom
Yredelemnul
Zin
The Shining One
Beogh
Jiyva
Lugonu


Message History

You fade into invisibility!
The red devil hits you from afar with a demon trident of electrocution!
You are very lightly contaminated with residual magic.
A red film seems to cover your vision as you go berserk!
You feel yourself moving faster!
You feel mighty!
The red devil hits you from afar with a demon trident of electrocution!!
Ouch! That really hurt!
* * * LOW HITPOINT WARNING * * *
Unknown command.
You feel a strong urge to attack something.
The red devil hops backward while attacking.
The red devil misses you.
Unknown command.
You closely miss the red devil. The red devil barely misses you.
Unknown command.
You barely miss the red devil. You barely miss the red devil.
The red devil hops backward while attacking.
The red devil hits you from afar with a demon trident of electrocution.
You die...

############ #_________.#
#_________.#
#_______...###########++###
##########+##..............
#.?(.+)))+.##......#..#....
##########.##..............
#.......4.@.'..............
#'#####+#####......#..#....
#.#.....#[[##..............
#.#.....#))#####'#####++###
#.###+###))##.......##++#
#.#...).#))##.......##..#
#.#...%.#..##.......##..#
#.####+##+###...<...##..#
#.#........##.......##..#


You could see a red devil.

Vanquished Creatures
  A hungry ghost (D)
  A worker ant (D)
  2 gnolls (D)
  An ufetubus (D)
  A leopard gecko (D)
  An orc (D)
  A ball python (D)
  2 giant cockroaches (D)
  2 hobgoblins (D)
  A quokka (D)
  A ball python zombie (D)
  A goblin (D)
  A kobold (D)
16 creatures vanquished.

Notes
Turn   | Place    | Note
-------+----------+-------------------------------------------
     0 | D        | Kidiri the Deep Elf Fire Elementalist began the quest for the Orb.
     0 | D        | Reached XP level 1. HP: 10/10 MP: 6/6
    11 | D        | Noticed a deep elf mage
    63 | D        | Found a bloodstained altar of Trog.
    63 | D        | Found a deep blue altar of Sif Muna.
    63 | D        | Found a viscous altar of Jiyva.
    63 | D        | Found a hazy altar of Hepliaklqana.
    63 | D        | Found an opulent altar of Gozag.
    64 | D        | Found a glowing golden altar of the Shining One.
    64 | D        | Found a glowing silver altar of Zin.
    64 | D        | Found a basalt altar of Yredelemnul.
    64 | D        | Found a shimmering altar of Xom.
    64 | D        | Found an ornate altar of the Wu Jian Council.
    64 | D        | Found a sacrificial altar of Ru.
    64 | D        | Found a stormy altar of Qazlal.
    64 | D        | Found an iron altar of Okawaru.
    64 | D        | Found a sparkling altar of Nemelex Xobeh.
    64 | D        | Found a burning altar of Makhleb.
    64 | D        | Found a blossoming altar of Fedhas.
    64 | D        | Found a white marble altar of Elyvilon.
    64 | D        | Found a shadowy altar of Dithmenos.
    64 | D        | Found a snail-covered altar of Cheibriados.
    66 | D        | Found a radiant altar of Vehumet.
    66 | D        | Found a corrupted altar of Lugonu.
    66 | D        | Found a roughly hewn altar of Beogh.
    67 | D        | Found a hide-covered altar of Uskayaw.
    67 | D        | Found an ancient bone altar of Kikubaaqudgha.
    67 | D        | Found a shattered altar of Ashenzari.
    74 | D        | Became a worshipper of Vehumet
    90 | D        | Noticed a worker ant
    94 | D        | Killed a worker ant
    94 | D        | Reached skill level 6 in Spellcasting
    94 | D        | Reached XP level 2. HP: 5/15 MP: 3/11
    95 | D        | Reached XP level 3. HP: 7/19 MP: 2/12
    99 | D        | Learned a level 2 spell: Throw Flame
   103 | D        | Learned a level 3 spell: Conjure Flame
   107 | D        | Learned a level 3 spell: Inner Flame
   295 | D        | Reached * piety under Vehumet
   295 | D        | Offered knowledge of Sandblast by Vehumet.
   363 | D        | Reached skill level 7 in Spellcasting
   366 | D        | Reached ** piety under Vehumet
   376 | D        | Noticed a hungry ghost
   384 | D        | Killed a hungry ghost
   384 | D        | Reached skill level 10 in Spellcasting
   384 | D        | Reached skill level 5 in Conjurations
   384 | D        | Reached XP level 4. HP: 24/24 MP: 2/18
   384 | D        | Reached XP level 5. HP: 28/28 MP: 2/20
   390 | D        | Learned a level 4 spell: Sticky Flame
   396 | D        | Learned a level 5 spell: Fireball
   398 | D        | Learned a level 1 spell: Sandblast
   491 | D        | Offered knowledge of Magic Dart by Vehumet.
   501 | D        | Reached *** piety under Vehumet
   501 | D        | Reached skill level 1 in Armour
   501 | D        | Reached **** piety under Vehumet
   597 | D        | Noticed a red devil
   658 | D        | HP: 2/42 [red devil/demon trident of electrocution (23)]
   663 | D        | Slain by a red devil

Vault maps used:
D:        pitsprint

Skill      XL: |  1  2  3  4  5 |
---------------+----------------+-----
Spellcasting   | 6 10 | 10.6
Conjurations   | 3 5 6 |  6.0
Fire Magic     | 4 6 |  6.8
Armour         | 1 |  1.1
Fighting       | |  0.5
Short Blades   | |  0.6
Dodging        | |  2.6
Stealth        | |  2.4
Earth Magic    | |  0.2

Action                   |  1- 3 |  4- 6 || total
-------------------------+-------+-------++-------
Melee: Dagger            |       |     4 ||     4
 Cast: Flame Tongue      |    23 |     7 ||    30
       Conjure Flame     |     1 |     1 ||     2
       Throw Flame       |       |     1 ||     1
       Inner Flame       |       |     1 ||     1
  Use: Potion            |       |     3 ||     3
Dodge: Dodged            |     5 |     4 ||     9

Table legend:
 A = Spawn XP
 B = Non-spawn XP
 C = Spawn XP percentage of total XP
 D = Spawn monster count
 E = Non-spawn monster count
 F = Spawn count percentage of total count
 G = Total turns spent on level
                    A         B        C        D         E        F      G
               +---------+---------+-------+---------+---------+-------+---------
         Total |       0 |     282 |   0.0 |       0 |      16 |   0.0 |   663
               +---------+---------+-------+---------+---------+-------+---------
             D |       0 |     282 |   0.0 |       0 |      16 |   0.0 |   663
               +---------+---------+-------+---------+---------+-------+---------
